 Dungeon Crawl Stone Soup version 0.29.0-4-gdea44cf6ec (webtiles) character file.

Game seed: 16091322912856786610

0 qw the Sneak (level 1, 0/14 HPs)
             Began as a Ghoul Enchanter on Sept 8, 2022.
             Slain by a kobold
             ... wielding a +0 whip
              (5 damage)
             ... on level 1 of the Dungeon.
             The game lasted 00:00:04 (117 turns).

qw the Sneak (Ghoul Enchanter)                       Turns: 117, Time: 00:00:04

Health: 0/14       AC:  2    Str: 11    XL:     1   Next: 10%
Magic:  2/2        EV: 12    Int: 10    God:
Gold:   2          SH:  0    Dex:  9    Spells: 3/3 levels left

rFire   . . .      SeeInvis .   a - +1 dagger
rCold   + . .      Faith    .   (no shield)
rNeg    + + +      Spirit   .   b - +0 robe
rPois   inf        Reflect  .   (no helmet)
rElec   .          Harm     .   (no cloak)
rCorr   .          Rampage  .   (no gloves)
Will    .....                   (no boots)
Stlth   ++........              (no amulet)
HPRegen 0.00/turn               (no ring)
MPRegen 0.08/turn               (no ring)

@: inhibited regen
A: claws 1, cold resistance 1, negative energy resistance 3, inhibited
regeneration, torment resistance 2, devour on kill
a: no special abilities


You were on level 1 of the Dungeon.
You visited 1 branch of the dungeon, and saw 1 of its levels.

You collected 2 gold pieces.


Innate Abilities, Weirdness & Mutations

You are immune to poison.
You have sharp fingernails.
Your flesh is cold resistant. (rC+)
You are immune to negative energy. (rN+++)
You do not regenerate when monsters are visible.
You are immune to unholy pain and torment.
You thrive by killing the living.


   Skills:
 - Level 0.8 Short Blades
 + Level 0.1 Axes
 - Level 1.7 Dodging
 - Level 3.2 Stealth
 - Level 1.7 Spellcasting
 - Level 2.4 Hexes


You had 3 spell levels left.
You didn't know any spells.
Your spell library contained the following spells:

 Spells                   Type           Power      Damage    Failure   Level
 Ensorcelled Hibernation  Hex/Ice        6%         N/A       30%         2
 Confusing Touch          Hex            5%         N/A       34%         3
 Tukima's Dance           Hex            5%         N/A       34%         3
 Dazzling Flash           Conj/Hex       6%         N/A       52%         3

Inventory:

Hand Weapons
 a - a +1 dagger (weapon)
Armour
 b - a +0 robe (worn)
Scrolls
 d - a scroll of poison {unknown}
Potions
 c - 2 potions of invisibility

Dungeon Overview and Level Annotations

Branches:
Dungeon (1/15)

Altars:


Message History

A kobold comes into view. It is wielding a +0 whip.
Enter note:
Enter note: The kobold shouts!
A frilled lizard comes into view.
The frilled lizard hisses angrily.
You hit the kobold.
The kobold is moderately wounded.
The kobold hits you with a +0 whip.
You hit the kobold.
The kobold is heavily wounded.
The kobold closely misses you.
You barely miss the kobold.
The kobold is heavily wounded.
The kobold closely misses you.
You hit the kobold but do no damage.
The kobold is heavily wounded.
The kobold hits you with a +0 whip.
You closely miss the kobold.
The kobold is moderately wounded.
The kobold hits you with a +0 whip.
109 ||| Stepping ~*~*~tactically~*~*~ (outnumbered).
The frilled lizard attacks as you move away!
The frilled lizard barely misses you.
110 ||| Stepping ~*~*~tactically~*~*~ (outnumbered).
The frilled lizard attacks as you move away!
The frilled lizard bites you.
111 ||| Stepping ~*~*~tactically~*~*~ (outnumbered).
112 ||| Stepping ~*~*~tactically~*~*~ (outnumbered).
113 ||| Stepping ~*~*~tactically~*~*~ (outnumbered).
114 ||| Stepping ~*~*~tactically~*~*~ (outnumbered).
The frilled lizard attacks as you move away!
The frilled lizard misses you.
115 ||| Stepping ~*~*~tactically~*~*~ (outnumbered).
116 ||| Stepping ~*~*~tactically~*~*~ (outnumbered).
The frilled lizard attacks as you move away!
The frilled lizard bites you.
117 ||| Stepping ~*~*~tactically~*~*~ (outnumbered).
The kobold attacks as you move away! The kobold hits you with a +0 whip.
You die...

# ######### ######.## # ########
#...@l..###....#....
###......####....K..............
................................
.........###....................
......######....................
................................
#########.####.###..............
.# #.## #...#.............. .#
##.# ###.#......#####...


You could see a kobold and a frilled lizard.

Vanquished Creatures
  A ball python (D:1)
1 creature vanquished.

Notes
Turn   | Place    | Note
-------+----------+-------------------------------------------
     0 | D:1      | qw the Ghoul Enchanter began the quest for the Orb.
     0 | D:1      | Reached XP level 1. HP: 14/14 MP: 2/2
     0 | D:1      | 0 ||| qw: Version: 0.1-a-112-g44dc6cd
     0 | D:1      | 0 ||| qw: Game counter: 6670
     0 | D:1      | 0 ||| qw: Always use a shield: true
     0 | D:1      | 0 ||| qw: God list: Okawaru
     0 | D:1      | 0 ||| qw: Allow faded altars: false
     0 | D:1      | 0 ||| qw: Do Orc after D:15 true
     0 | D:1      | 0 ||| qw: Do second Lair branch before Depths: true
     0 | D:1      | 0 ||| qw: Lair rune preference: random
     0 | D:1      | 0 ||| qw: Plans: Normal
     0 | D:1      | 0 ||| PLANNING D:1-11
   109 | D:1      | 109 ||| Stepping ~*~*~tactically~*~*~ (outnumbered).
   110 | D:1      | 110 ||| Stepping ~*~*~tactically~*~*~ (outnumbered).
   111 | D:1      | 111 ||| Stepping ~*~*~tactically~*~*~ (outnumbered).
   112 | D:1      | 112 ||| Stepping ~*~*~tactically~*~*~ (outnumbered).
   113 | D:1      | 113 ||| Stepping ~*~*~tactically~*~*~ (outnumbered).
   114 | D:1      | 114 ||| Stepping ~*~*~tactically~*~*~ (outnumbered).
   115 | D:1      | 115 ||| Stepping ~*~*~tactically~*~*~ (outnumbered).
   116 | D:1      | 116 ||| Stepping ~*~*~tactically~*~*~ (outnumbered).
   117 | D:1      | 117 ||| Stepping ~*~*~tactically~*~*~ (outnumbered).
   117 | D:1      | Slain by a kobold

Levels and vault maps discovered:
D:1:      reono_arrival_mine, layout_basic

Action                   || total
-------------------------++-------
Melee: Dagger            ||     8
Dodge: Dodged            ||     7

Table legend:
 A = Non-vault XP
 B = Vault XP
 C = Vault XP percentage of total XP
 D = Non-vault monster count
 E = Vault monster count
 F = Vault count percentage of total count
                 A         B        C        D         E       F
            +---------+---------+-------+---------+---------+-------
      Total |       1 |       0 |   0.0 |       1 |       0 |   0.0
            +---------+---------+-------+---------+---------+-------
        D:1 |       1 |       0 |   0.0 |       1 |       0 |   0.0
            +---------+---------+-------+---------+---------+-------
